 Dungeon Crawl Stone Soup version 0.27-a0-412-g8dd771eca2 (webtiles) character file.

Game seed: 4622591242728573675

84071 Nattfarinn the Spear-Bearer (level 15, -8/117 HPs)
             Began as a Merfolk Venom Mage on Feb 24, 2021.
             Was the Champion of Okawaru.
             Killed from afar by Aizul (10 damage)
             ... with a bolt of poison
             ... on level 4 of the Lair of Beasts.
             The game lasted 01:55:04 (33639 turns).

Nattfarinn the Spear-Bearer (Merfolk Venom Mage)   Turns: 33639, Time: 01:55:05

Health: -8/117     AC: 21    Str: 14    XL:     15   Next: 79%
Magic:  18/23      EV: 14    Int: 25    God:    Okawaru [******]
Gold:   1219       SH: 12    Dex: 14    Spells: 12/25 levels left

rFire    + . .     SeeInvis +   F - +8 whip of Awen {venom, +Fly Int+4}
rCold    + . .     Faith    .   N - +2 buckler {rPois}
rNeg     . . .     Spirit   .   V - +0 scale mail of Ditupupt {Regen+ Int+2}
rPois    +         Reflect  +   Y - +2 hat {Will+}
rElec    .         Harm     .   g - scarf {rC+ rF+}
rCorr    .         Rampage  .   c - +1 pair of gloves {Str+3}
Will     ++...                  e - +2 pair of boots
Stlth    +.........             A - amulet of reflection
HPRegen  1.29/turn              Z - +4 ring of protection
MPRegen  0.18/turn              Q - ring of see invisible

@: lethally poisoned (-8 -> -9)
A: change form in water, swift swim, stealthy swim
a: Renounce Religion, Evoke Flight, Heroism, Finesse


You were on level 4 of the Lair of Beasts.
You worshipped Okawaru.
Okawaru was exalted by your worship.
You visited 5 branches of the dungeon, and saw 25 of its levels.

You collected 2798 gold pieces.
You spent 1579 gold pieces at shops.

Inventory:

Hand Weapons
 a - the +12 glaive of Prune {vorpal}
   (You found it on level 12 of the Dungeon)

   It inflicts extra damage upon your enemies.
 b - the +3 longbow "Jayron" {venom, +Fly rF++ Stlth+}
   (Okawaru gifted it to you on level 2 of the Orcish Mines)

   It poisons the ammo it fires.
   It greatly protects you from fire.
   It lets you fly.
   It makes you more stealthy.
 l - the +10 halberd of Ynapn {pain, +Blink rElec Str+7 Stlth-}
   (You bought it in a shop on level 2 of the Orcish Mines)

   In the hands of one skilled in necromantic magic, it inflicts extra damage on
   living creatures.
   It affects your strength (+7).
   It insulates you from electricity.
   It lets you blink.
   It makes you less stealthy.
 F - the +8 whip of Awen (weapon) {venom, +Fly Int+4}
   (You found it on level 7 of the Dungeon)

   It poisons the flesh of those it strikes.
   It affects your intelligence (+4).
   It lets you fly.
Missiles
 E - 8 silver javelins (quivered)
 J - 169 arrows
Armour
 c - a +1 pair of gloves of strength (worn)
 e - a +2 pair of boots (worn)
 g - a scarf of resistance (worn)
 N - a +2 buckler of poison resistance (worn)
 V - the +0 scale mail of Ditupupt (worn) {Regen+ Int+2}
   (You bought it in a shop on level 2 of the Orcish Mines)

   It affects your intelligence (+2).
   It increases your rate of regeneration.
 Y - a +2 hat of willpower (worn)
Jewellery
 A - an amulet of reflection (around neck)
 Q - a ring of see invisible (right hand)
 Z - a +4 ring of protection (left hand)
Wands
 k - a wand of polymorph (21)
 C - a wand of paralysis (13)
 H - a wand of digging (16)
 I - a wand of random effects (37)
 O - a wand of mindburst (8)
 P - a wand of flame (1)
Scrolls
 f - 2 scrolls of teleportation
 i - 5 scrolls of fear
 m - 5 scrolls of fog
 q - 3 scrolls of immolation
 B - 4 scrolls of magic mapping
 G - 2 scrolls of blinking
 L - 4 scrolls of enchant weapon
 W - 3 scrolls of amnesia
Potions
 d - 2 potions of flight
 h - 6 potions of ambrosia
 j - 2 potions of invisibility
 o - a potion of attraction
 r - 6 potions of brilliance
 t - a potion of berserk rage
 u - 3 potions of lignification
 v - 3 potions of curing
 w - 4 potions of might
 x - 2 potions of resistance
 y - a potion of haste
 K - a potion of mutation
 U - 2 potions of cancellation
Miscellaneous
 R - a lightning rod (inert)
 S - a tin of tremorstones (inert)
 T - a box of beasts (inert)


   Skills:
 - Level 10.7 Fighting
 + Level 14.9 Polearms
 - Level 11.2 Armour
 - Level 9.1 Dodging
 - Level 2.1 Stealth
 - Level 4.0 Shields
 - Level 5.8 Spellcasting
 - Level 11.1 Transmutations
 - Level 10.3 Poison Magic
 - Level 10.5 Evocations


You had 12 spell levels left.
You knew the following spells:

 Your Spells              Type           Power        Failure   Level
a - Sting                 Tmut/Pois      100%         1%          1
b - Olgreb's Toxic Radia  Pois           56%          3%          4
c - Ignite Poison         Fire/Tmut/Pois 43%          3%          3
d - Call Imp              Summ           7%           34%         2
e - Call Canine Familiar  Summ           7%           56%         3

Your spell library contained the following spells:

 Spells                   Type           Power        Failure   Level
 Beastly Appendage        Tmut           100%         1%          1
 Wereblood                Tmut           58%          1%          2
 Spider Form              Tmut/Pois      28%          1%          3
 Poisonous Vapours        Pois/Air       66%          4%          2
 Blade Hands              Tmut           29%          7%          5
 Mephitic Cloud           Conj/Pois/Air  24%          17%         3
 Animate Skeleton         Necr           14%          24%         1
 Apportation              Tloc           14%          24%         1
 Corona                   Hex            7%           24%         1
 Pain                     Necr           28%          24%         1
 Summon Small Mammal      Summ           28%          24%         1
 Ice Form                 Ice/Tmut       35%          24%         4
 Blink                    Tloc           N/A          34%         2
 Gell's Gravitas          Tloc           3%           56%         3
 Lesser Beckoning         Tloc           3%           56%         3
 Summon Guardian Golem    Hex/Summ       7%           56%         3
 Teleport Other           Tloc           7%           56%         3
 Vampiric Draining        Necr           3%           56%         3
 Animate Dead             Necr           3%           93%         4
 Manifold Assault         Tloc           7%           93%         4
 Summon Ice Beast         Ice/Summ       7%           93%         4
 Summon Lightning Spire   Summ/Air       7%           93%         4
 Agony                    Necr           7%           100%        5
 Metabolic Englaciation   Hex/Ice        3%           100%        5
 Freezing Cloud           Conj/Ice/Air   3%           100%        6
 Simulacrum               Ice/Necr       3%           100%        6
 Ozocubu's Refrigeration  Ice            3%           100%        7


Dungeon Overview and Level Annotations

Branches:
Dungeon (15/15)            Temple (1/1) D:7            Lair (6/6) D:10
  Swamp (1/4) Lair:4        Snake (0/4) Lair:2          Orc (2/2) D:11
    Elf (0/3) Orc:2        Vaults (0/5) D:13         Depths (0/5) D:15
  Slime: Lair:5-6

Altars:
Ashenzari
Fedhas
Hepliaklqana
Makhleb
Nemelex Xobeh
Okawaru
Qazlal
Ru
Sif Muna
Trog
Vehumet
Wu Jian
Yredelemnul
Zin
The Shining One
Beogh

Shops:
D:6 ?   D:7 :   D:12 [   Orc:1 (   Orc:2 [:*[(

Annotations:
D:5 2 transporters
D:11 exclusion: ice statue
D:14 Roxanne
Lair:2 exclusion: 3 oklob plants
Lair:4 Aizul


Message History

* * * LOW HITPOINT WARNING * * *
Aizul hits you!
* * * LOW HITPOINT WARNING * * *
You closely miss Aizul.
Aizul is almost dead.
You block Aizul's attack.
You hit Aizul but do no damage.
Aizul is almost dead.
You block Aizul's attack. Aizul casts a spell at you.
The bolt of poison hits you.
You are poisoned.
You resist.
* * * LOW HITPOINT WARNING * * *
You feel better. Aizul hits you but does no damage. Aizul hits you!
* * * LOW HITPOINT WARNING * * *
You miss Aizul.
Aizul is almost dead.
You block Aizul's attack.
You miss Aizul.
Aizul is almost dead.
Aizul coils herself and waves her upper body at you.
The bolt of poison hits you!
You are poisoned.
You resist.
* * * LOW HITPOINT WARNING * * *
Aizul coils herself and waves her upper body at you.
The poison arrow hits you.
You are more poisoned.
You partially resist.
* * * LOW HITPOINT WARNING * * *
You feel better.
Aizul coils herself and waves her upper body at you.
The poison arrow hits you!
You are poisoned.
You partially resist.
* * * LOW HITPOINT WARNING * * *
Aizul casts a spell at you. The bolt of poison hits you! You resist.
You die...

####..#)#............P##......###
#.##..##...........PPP##.........
.#.......).............>...<.##..
.....<...........#.#.#...........
................♣#♣##............
.P......#......♣♣ ##...........
..........#..♣♣♣♣♣♣♣##........P..
<..........#.♣♣§§§§♣#.##..##...#.
..............♣S@§§♣#######......
...P......#...♣§§§§♣♣.# #P...#.
......#....##♣♣≈§.≈♣♣.### ##...##
...#.......# ♣§..≈♣♣[..########.
..#..P.....##♣♣♣..≈♣♣....#.#####.
##.#.#....#..♣♣≈.♣≈♣♣.....###.##.
####..#P.....♣♣≈".≈♣♣♣#........#.
#.###.....♣♣≈..≈♣ #..........
#.##......♣♣≈..♣♣ ♣#..........


You could see Aizul.

Vanquished Creatures
  A stone giant (Orc:2)
  Snorg (D:14)
  3 ettins (Orc:2)
  A yaktaur captain (D:13)
  A fire dragon (D:15)
  A rakshasa (D:15)
  2 hydras
  An ogre mage (D:12)
  5 centaur warriors (D:15)
  4 two-headed ogres
  A boulder beetle (D:15)
  A death yak (Lair:4)
  2 unseen horrors
  Pikel (D:7)
  A bog body (Lair:4)
  2 orc knights
  A wizard (D:12)
  2 deep elf zephyrmancers (D:12)
  4 deep elf pyromancers
  18 ugly things
  A manticore (Lair:5)
  12 cyclopes
  An orc sorcerer (Orc:2)
  2 will-o-the-wisps (Lair:4)
  2 black mambas
  Maurice (Orc:1)
  A naga mage (D:12)
  4 elephants (Lair:4)
  4 cane toads
  A gargoyle (D:15)
  A torpor snail (Lair:4)
  6 rime drakes
  4 kobold demonologists
  3 yaktaurs
  4 komodo dragons
  A polar bear (Lair:4)
  6 trolls
  13 slime creatures
  2 hornets
  28 blink frogs
  11 dream sheep (Lair:6)
  3 shadows
  A nameless horror (D:7)
  A wraith (D:13)
  A water elemental (D:11)
  69 yaks
  6 wyverns
  5 basilisks (Lair:5)
  2 steam dragons
  3 vampire mosquitoes (D:14)
  An acid dragon (D:15)
  2 wargs (Orc:1)
  A swamp worm (shapeshifter) (D:15)
  5 swamp worms (Lair:4)
  16 water moccasins
  A hell hound (Lair:5)
  2 black bears
  6 sky beasts
  25 orc warriors
  4 ice beasts
  4 necrophages
  9 wolves
  13 ogres
  13 centaurs
  4 phantoms
  3 lemures (D:7)
  3 kobold brigands
  20 bullfrogs
  2 gnoll sergeants (D:9)
  A scorpion (D:6)
  A troll zombie (D:11)
  A wight (D:6)
  A howler monkey (D:5)
  4 electric eels
  A centaur zombie (D:12)
  A bullfrog zombie (D:7)
  4 jellies
  5 centaur skeletons
  13 orc priests
  3 hounds
  Jessica (D:3)
  3 iguanas
  11 worker ants
  3 bullfrog skeletons
  34 orc wizards
  4 hell rats (Lair:5)
  7 ogre zombies (D:11)
  3 hound zombies
  2 hound skeletons
  7 gnolls (D:9)
  3 worker ant zombies
  21 adders
  A shadow imp (D:9)
  3 white imps
  3 ufetubi
  An ooze (D:5)
  3 adder zombies
  An adder skeleton (D:5)
  2 worms (D:3)
  3 leopard geckos
  103 orcs
  4 ball pythons
  10 giant cockroaches
  10 goblins
  15 hobgoblins
  11 jackals
  3 quokkas
  3 frilled lizards
  2 goblin zombies (D:11)
  2 hobgoblin skeletons (D:11)
  2 hobgoblin zombies (D:11)
  A jackal skeleton (D:5)
  A jackal zombie (D:8)
  22 kobolds
  16 orc zombies (D:11)
  2 quokka skeletons
  A quokka zombie (D:8)
  9 rats
754 creatures vanquished.

Vanquished Creatures (collateral kills)
  A frost giant (D:15)
  A wraith (D:11)
  Menkaure (D:5)
  A phantom (D:6)
  3 wights
  A shadow imp (D:6)
  A nameless horror (D:7)
  3 orc zombies (D:11)
12 creatures vanquished.

Vanquished Creatures (others)
  A centaur (D:15)
  11 foxfires
  43 fungi
  38 plants
93 creatures vanquished.

Grand Total: 859 creatures vanquished

Notes
Turn   | Place    | Note
-------+----------+-------------------------------------------
     0 | D:1      | Nattfarinn the Merfolk Venom Mage began the quest for the
                  | Orb.
     0 | D:1      | Reached XP level 1. HP: 13/13 MP: 3/3
   320 | D:1      | Reached XP level 2. HP: 19/19 MP: 3/5
  1459 | D:2      | Reached XP level 3. HP: 24/24 MP: 6/6
  1480 | D:2      | Noticed an ogre
  1497 | D:2      | Killed an ogre
  1498 | D:2      | Reached XP level 4. HP: 11/30 MP: 1/7
  1892 | D:2      | Reached XP level 5. HP: 35/35 MP: 6/8
  2527 | D:3      | Reached skill level 1 in Shields
  2790 | D:3      | Noticed an ogre
  2799 | D:3      | Noticed Jessica
  2802 | D:3      | Killed an ogre
  2803 | D:3      | Reached XP level 6. HP: 41/41 MP: 3/9
  2805 | D:3      | Killed Jessica
  3333 | D:3      | Found a faded altar of an unknown god.
  3778 | D:3      | Learned a level 4 spell: Olgreb's Toxic Radiance
  4939 | D:4      | Got a faintly glowing lapis lazuli ring
  4951 | D:4      | Reached skill level 5 in Poison Magic
  5089 | D:4      | Identified the ring "Nawn" {Ice rPois Str-5 Int-5 Dex+6}
                  | (You found it on level 4 of the Dungeon)
  5159 | D:5      | Entered Level 5 of the Dungeon
  5176 | D:5      | Reached skill level 5 in Dodging
  5176 | D:5      | Reached XP level 7. HP: 39/46 MP: 10/10
  5363 | D:5      | Found a transporter.
  5570 | D:5      | Learned a level 3 spell: Ignite Poison
  5570 | D:5      | Found a transporter.
  5918 | D:5      | Reached XP level 8. HP: 50/52 MP: 13/13
  5975 | D:5      | Noticed Menkaure
  5980 | D:5      | Learned a level 2 spell: Call Imp
  5995 | D:5      | Killed Menkaure
  6116 | D:5      | Found a radiant altar of Vehumet.
  7845 | D:6      | Reached XP level 9. HP: 43/57 MP: 11/15
  8284 | D:6      | Found a shimmering blue altar of Sif Muna.
  8315 | D:6      | Found Nalim's Magic Scroll Emporium.
  8320 | D:6      | Bought a scroll of enchant armour for 97 gold pieces
  8320 | D:6      | Bought a scroll of magic mapping for 45 gold pieces
  8320 | D:6      | Bought a scroll of identify for 26 gold pieces
  8320 | D:6      | Bought a scroll of identify for 26 gold pieces
  8320 | D:6      | Bought a scroll of identify for 26 gold pieces
  8320 | D:6      | Bought a scroll of noise for 13 gold pieces
  8320 | D:6      | Bought a scroll of teleportation for 39 gold pieces
  8755 | D:7      | Learned a level 3 spell: Call Canine Familiar
  8789 | D:7      | Reached skill level 5 in Spellcasting
  8887 | D:7      | Found a basalt altar of Yredelemnul.
  8887 | D:7      | Found an ornate altar of the Wu Jian Council.
  8888 | D:7      | Found a glowing silver altar of Zin.
  8893 | D:7      | Noticed Pikel
  8896 | D:7      | Killed Pikel
  8913 | D:7      | Noticed a nameless horror
  9066 | D:7      | Reached skill level 10 in Poison Magic
  9388 | D:7      | Found Jeecs's Book Shop.
  9500 | D:7      | Found a staircase to the Ecumenical Temple.
  9540 | Temple   | Entered the Ecumenical Temple
  9592 | Temple   | Became a worshipper of Warmaster Okawaru
  9618 | D:7      | Got a blackened whip
  9619 | D:7      | Identified the +8 whip of Awen {venom, +Fly Int+4} (You
                  | found it on level 7 of the Dungeon)
  9918 | D:7      | Reached skill level 1 in Fighting
  9918 | D:7      | Reached skill level 1 in Polearms
  9918 | D:7      | Reached XP level 10. HP: 66/66 MP: 18/18
 10363 | D:8      | Reached skill level 2 in Polearms
 10627 | D:8      | Reached skill level 3 in Polearms
 10805 | D:8      | Reached * piety under Okawaru
 10864 | D:8      | Reached skill level 4 in Polearms
 11570 | D:9      | Reached skill level 5 in Fighting
 11570 | D:9      | Reached skill level 5 in Polearms
 11857 | D:9      | Reached ** piety under Okawaru
 12100 | D:9      | Reached skill level 6 in Polearms
 12596 | D:10     | Entered Level 10 of the Dungeon
 12712 | D:10     | Found a stormy altar of Qazlal.
 12712 | D:10     | You fall into a shaft and drop 1 floor!
 12746 | D:11     | Found a staircase to the Orcish Mines.
 13083 | D:10     | Reached skill level 7 in Polearms
 13188 | D:10     | Found a staircase to the Lair.
 13499 | D:11     | Reached XP level 11. HP: 82/86 MP: 19/19
 13509 | D:11     | Noticed a two-headed ogre
 13519 | D:11     | Killed a two-headed ogre
 13519 | D:11     | Reached *** piety under Okawaru
 13520 | D:11     | Reached skill level 8 in Polearms
 14312 | D:11     | Noticed a deep elf pyromancer
 14321 | D:11     | Killed a deep elf pyromancer
 14322 | D:11     | Reached skill level 9 in Polearms
 14753 | D:11     | Reached **** piety under Okawaru
 14754 | D:11     | Reached skill level 10 in Fighting
 15508 | D:12     | Reached ***** piety under Okawaru
 15509 | D:12     | Reached skill level 1 in Armour
 15510 | D:12     | Noticed a deep elf zephyrmancer
 15591 | D:12     | Killed a deep elf zephyrmancer
 15603 | D:12     | Noticed a deep elf pyromancer
 15606 | D:12     | Killed a deep elf pyromancer
 15716 | Lair:1   | Entered Level 1 of the Lair of Beasts
 15735 | Lair:1   | Reached XP level 12. HP: 99/99 MP: 20/20
 16597 | Lair:2   | Found a staircase to the Snake Pit.
 16602 | Lair:2   | Reached skill level 5 in Armour
 17007 | Lair:2   | Received a gift from Okawaru
 18187 | Lair:3   | Noticed a four-headed hydra
 18292 | Lair:3   | Killed a four-headed hydra
 18442 | Lair:3   | You fall into a shaft and drop 3 floors!
 18442 | Lair:6   | Entered Level 6 of the Lair of Beasts
 18496 | Lair:6   | Reached XP level 13. HP: 59/104 MP: 12/21
 18511 | Lair:6   | Received a gift from Okawaru
 18737 | Lair:6   | Reached ****** piety under Okawaru
 18737 | Lair:6   | Received a gift from Okawaru
 18907 | Lair:6   | Reached skill level 10 in Armour
 20671 | Lair:4   | Found a staircase to the Swamp.
 20915 | Lair:3   | Identified a scroll of acquirement
 20916 | Lair:3   | Acquired a book of Changes
 21615 | Lair:5   | Reached skill level 5 in Transmutations
 22005 | Lair:5   | Received a gift from Okawaru
 22010 | Lair:5   | Got a smoking hat {god gift}
 22021 | Lair:5   | Identified the +0 hat "Bausot" {Rampage Will+} (Okawaru
                  | gifted it to you on level 5 of the Lair of Beasts)
 22581 | Lair:5   | Reached XP level 14. HP: 107/111 MP: 22/22
 23351 | D:12     | Found a roughly hewn altar of Beogh.
 23541 | D:12     | Found Rivuskea's Armour Shoppe.
 23702 | D:12     | Reached skill level 10 in Transmutations
 24957 | D:12     | Reached skill level 1 in Evocations
 25566 | D:12     | Found the +12 glaive of Prune {vorpal}
 25646 | Orc:1    | Entered Level 1 of the Orcish Mines
 25781 | Orc:1    | Noticed Maurice
 25789 | Orc:1    | Killed Maurice
 26321 | Orc:1    | Found Coakhlecith's Antique Weapon Shop.
 26758 | Orc:2    | Entered Level 2 of the Orcish Mines
 26758 | Orc:2    | Found Seco's Antique Armour Emporium.
 26758 | Orc:2    | Found Onutus's General Store.
 26761 | Orc:2    | Noticed a stone giant
 26765 | Orc:2    | Reached skill level 5 in Evocations
 26772 | Orc:2    | Killed a stone giant
 26908 | Orc:2    | Received a gift from Okawaru
 26909 | Orc:2    | Got a translucent longbow {god gift}
 27018 | Orc:2    | Found Puutuuq's Book Shoppe.
 27595 | Orc:2    | Found Tiosaxiss's Antique Weapon Emporium.
 27712 | Orc:2    | Found a staircase to the Elven Halls.
 27728 | Orc:2    | Found Hul Colerr's Antique Armour Boutique.
 27882 | Orc:1    | Identified the +3 longbow "Jayron" {venom, +Fly rF++
                  | Stlth+} (Okawaru gifted it to you on level 2 of the Orcish
                  | Mines)
 28399 | D:13     | You fall into a shaft and drop 2 floors!
 28399 | D:15     | Entered Level 15 of the Dungeon
 28410 | D:15     | Reached XP level 15. HP: 47/117 MP: 6/23
 28781 | D:15     | Found a staircase to the Depths.
 28781 | D:15     | Noticed a frost giant
 28786 | D:15     | Killed a frost giant
 28786 | D:15     | Received a gift from Okawaru
 29012 | D:15     | Reached skill level 10 in Evocations
 29272 | D:15     | Reached skill level 10 in Polearms
 29285 | D:15     | Reached skill level 11 in Polearms
 29807 | D:15     | Reached skill level 12 in Polearms
 30352 | D:15     | Reached skill level 13 in Polearms
 31217 | D:14     | Noticed Snorg
 31223 | D:14     | Killed Snorg
 31368 | D:14     | Identified Roxanne's Grimoire of the Mountains
 31368 | D:14     | Noticed Roxanne
 31435 | D:14     | Reached skill level 14 in Polearms
 31801 | D:13     | Received a gift from Okawaru
 32024 | D:13     | Got a slimy brass amulet
 32035 | D:13     | Identified the amulet "Ciero" {rElec Regen+ Stlth+} (You
                  | found it on level 13 of the Dungeon)
 32303 | D:13     | Found a gate to the Vaults.
 32546 | Orc:2    | Bought an ichor-stained plate armour for 812 gold pieces
 32546 | Orc:2    | Bought a transparent scale mail for 261 gold pieces
 32556 | Orc:2    | Identified the +5 plate armour of Complete Protection {+Inv
                  | rC- Int+4} (You bought it in a shop on level 2 of the
                  | Orcish Mines)
 32566 | Orc:2    | Identified the +0 scale mail of Ditupupt {Regen+ Int+2}
                  | (You bought it in a shop on level 2 of the Orcish Mines)
 32718 | Orc:2    | Bought a scorched halberd for 234 gold pieces
 32718 | Orc:2    | Identified the +10 halberd of Ynapn {pain, +Blink rElec
                  | Str+7 Stlth-} (You bought it in a shop on level 2 of the
                  | Orcish Mines)
 32908 | Swamp:1  | Entered Level 1 of the Swamp
 32908 | Swamp:1  | Noticed Aizul
 33639 | Lair:4   | HP: 2/117 [Aizul/poison arrow (17)]
 33639 | Lair:4   | Killed from afar by Aizul

Illustrated notes

Levels and vault maps discovered:
D:1:      lightli_molten_gateway, layout_basic
D:2:      layout_loops_ring, chequers_serial_rivers_micro_b
D:3:      layout_basic, gup_sewer_entry_pipe, chequers_ecumenical_altar_twisty,
          uniq_jessica
D:4:      corexii_shack_village, layout_cave_pools, serial_column_ruins,
          column_ruins_hut, column_ruins_hut_ruined,
          column_ruins_columns_corner, column_ruins_corridor_plus,
          column_ruins_open_small, column_ruins_open_medium,
          column_ruins_open_tiny
D:5:      gammafunk_steamed_eel, layout_gridville, general_overflow_altar,
          uniq_menkaure
D:6:      layout_basic, serial_shops, nicolae_shop_behind_doors,
          grunt_ministairs_9, tgw_sif
D:7:      layout_basic, chequers_temple_overflow_statue_of_worship,
          minmay_temple_entry_statues_fountains, serial_shops, shop,
          minivault_23, uniq_pikel
D:8:      layout_loops_corners
D:9:      layout_irregular_city
D:10:     layout_basic, dpeg_oklobed_lair, basic_altar
D:11:     layout_basic, zombieorc2_lemuel, serial_shops, statue_bzr
D:12:     layout_roguey [special_room_orc], serial_shops, kennysheep_mini,
          hangedman_abyss_or_decor_stabs, minmay_guarded_unrand_prune
D:13:     layout_basic, david_vaults_2, portal_ice_cave_entry_pillars_1
D:14:     layout_stronghold, grunt_decor_cap, uniq_roxanne, uniq_snorg
D:15:     grunt_enter_depths_snipers, layout_rooms, glass_columns_a,
          minmay_pinched_square
Temple:   regret_index_temple_mists
Lair:1:   layout_hall_layers
Lair:2:   layout_long_grid, minmay_snake_entry_six_corridors,
          minmay_lair_oklob_chamber
Lair:3:   layout_misc_corridors, grunt_megastairs_5, lemuel_fruit_tree
Lair:4:   layout_misc_corridors, nicolae_swamp_entry_splash_gauntlet
Lair:5:   layout_hall_layers, special_room [special_room_mythical_zoo],
          lemuel_fruit_fields
Lair:6:   minmay_lair_end_enchanted_forest, layout_layer_cave,
          dpeg_slime_entry_enclosed_altar, special_room
          [special_room_mythical_zoo], grunt_megastairs_4
Swamp:1:  layout_basic_swamp, hangedman_swamp_cone, uniq_aizul
Orc:1:    minmay_goldmine, layout_caves, serial_shops, nicolae_shop_crystal,
          uniq_maurice
Orc:2:    grunt_orc_gardens, layout_caves, grunt_orc_garden, grunt_orc_garden,
          grunt_orc_garden, grunt_orc_garden, serial_shops, shop

Skill      XL: |  1  2  3  4  5  6  7  8  9 10 11 12 13 14 15 |
---------------+----------------------------------------------+-----
Dodging        | 3 4 5 6 7 9 |  9.1
Transmutations | 2 8 11 | 11.1
Poison Magic   | 4 5 6 8 10 | 10.3
Shields        | 3 4 |  4.0
Spellcasting   | 3 4 5 |  5.8
Fighting       | 1 8 10 | 10.7
Polearms       | 1 7 9 14 | 14.9
Armour         | 4 9 11 | 11.2
Evocations     | 9 10 | 10.5
Stealth        | |  2.1

Action                   |  1- 3 |  4- 6 |  7- 9 | 10-12 | 13-15 || total
-------------------------+-------+-------+-------+-------+-------++-------
Melee: Spear             |    36 |    65 |   187 |       |       ||   288
       Unarmed           |     1 |       |       |       |       ||     1
       Whip              |       |       |    28 |   477 |   368 ||   873
       Glaive            |       |       |       |       |   282 ||   282
Throw: Javelin           |       |       |       |     5 |       ||     5
 Cast: Sting             |    28 |   123 |    52 |    18 |    27 ||   248
       Olgreb's Toxic Ra |       |     2 |    25 |    56 |   112 ||   195
       Ignite Poison     |       |       |    21 |    58 |    99 ||   178
       Call Imp          |       |       |    40 |     3 |     1 ||    44
       Call Canine Famil |       |       |     5 |     4 |       ||     9
Evoke: Wand              |       |       |     7 |    17 |    43 ||    67
       Box of beasts     |       |       |       |       |     3 ||     3
       Lightning rod     |       |       |       |       |     4 ||     4
       Tin of tremorston |       |       |       |       |     2 ||     2
  Use: Scroll            |       |     6 |     6 |     6 |    17 ||    35
       Potion            |       |       |     2 |       |     9 ||    11
 Stab: Sleeping          |     4 |     1 |       |    11 |     5 ||    21
       Distracted        |       |       |     2 |     1 |     1 ||     4
       Paralysed         |       |       |       |     7 |     9 ||    16
Armor: Robe              |     4 |    14 |    19 |    49 |   111 ||   197
       Scale mail        |       |       |       |       |    21 ||    21
Dodge: Dodged            |    29 |    77 |   125 |   244 |   391 ||   866
Block: Buckler           |       |    34 |   125 |   258 |   249 ||   666
       Reflection        |       |       |     3 |     4 |    13 ||    20
       Other             |       |       |       |       |    47 ||    47

Table legend: (Time is in decaauts)
 A = Elapsed time spent in this place.
 B = Non-inter-level travel time spent in this place.
 C = Inter-level travel time spent in this place.
 D = Time resting spent in this place.
 E = Time spent auto-exploring this place.
 F = Levels seen in this place.
 G = Mean time per level.
                   A        B        C        D        E       F      G
               +--------+--------+--------+--------+--------+-----+--------+
         Total |  33779 |  31833 |   1946 |  10746 |  16006 |  25 | 1351.2 |
       Dungeon |  23512 |  22312 |   1200 |   7292 |  11335 |  15 | 1567.5 |
        Temple |     47 |     29 |     18 |      0 |     28 |   1 |   47.0 |
          Lair |   7682 |   7139 |    543 |   2669 |   3428 |   6 | 1280.3 |
         Swamp |     10 |     10 |      0 |      0 |      0 |   1 |   10.0 |
  Orcish Mines |   2526 |   2341 |    185 |    785 |   1214 |   2 | 1263.0 |
               +--------+--------+--------+--------+--------+-----+--------+

Top non-repeatable levels by time:
    D:12: 2896 daAuts
    D:11: 2760 daAuts
    D:15: 2673 daAuts
  Lair:4: 2086 daAuts
     D:5: 1987 daAuts
     D:6: 1708 daAuts
  Lair:5: 1563 daAuts
  Lair:2: 1491 daAuts
     D:1: 1453 daAuts
     D:7: 1431 daAuts
   Orc:1: 1410 daAuts
  Lair:3: 1384 daAuts
     D:4: 1348 daAuts
     D:3: 1282 daAuts
     D:8: 1232 daAuts
